 Dungeon Crawl Stone Soup version 0.21-a0-19-g210df22 (webtiles) character file.

437 grindst0ne the Chopper (level 6, -3/53 HPs)
             Began as a Draconian Berserker on May 24, 2017.
             Was a Believer of Trog.
             Slain by an orc
             ... wielding a cursed -1 club
              (5 damage)
             ... on level 4 of the Dungeon.
             The game lasted 00:05:33 (2857 turns).

grindst0ne the Chopper (Draconian Berserker)        Turns: 2857, Time: 00:05:34

Health: -3/53      AC:  6    Str: 23    XL:     6   Next: 69%
Magic:  6/6        EV: 12    Int:  7    God:    Trog [**....]
Gold:   99         SH:  0    Dex: 13    Spells: 5/5 levels left

rFire    + . .     SeeInvis .   a - +0 hand axe
rCold    . . .     Gourm    +   (no shield)
rNeg     . . .     Faith    .   (armour unavailable)
rPois    .         Spirit   .   (helmet restricted)
rElec    .         Reflect  .   (no cloak)
rCorr    .         Harm     .   (no gloves)
MR       .....                  (no boots)
Stlth    ++........             s - amulet of the gourmand
Regen    0.2/turn               j - +4 ring of strength
MPRegen  0.1/turn               q - ring of protection from fire

@: drained
A: unfitting armour, cold-blooded, AC +6
a: Berserk, Trog's Hand, Burn Spellbooks, Renounce Religion


You were on level 4 of the Dungeon.
You worshipped Trog.
Trog was pleased with you.
You were very hungry.

You visited 1 branch of the dungeon, and saw 4 of its levels.

You collected 99 gold pieces.

Inventory:

Hand Weapons
 a - a +0 hand axe (weapon)
Missiles
 i - a tomahawk (quivered)
Jewellery
 j - a +4 ring of strength (left hand)
 l - an uncursed ring of see invisible
 q - a ring of protection from fire (right hand)
 s - an amulet of the gourmand (around neck)
Scrolls
 e - 3 scrolls of remove curse
 g - 5 scrolls of identify
Potions
 c - 2 potions of curing
 d - a potion of heal wounds {unknown}
 h - a potion of invisibility {unknown}
 n - 2 potions of degeneration {unknown}
 o - a potion of mutation {unknown}
 p - 2 potions of magic {unknown}
 r - a potion of resistance {unknown}
Comestibles
 b - 3 bread rations
 f - 8 chunks of flesh


   Skills:
 + Level 4.5(3.8) Fighting
 * Level 6.7(6.0) Axes
 - Level 2.6(2.0) Dodging
 + Level 1.6(0.9) Stealth


You had 5 spell levels left.
You didn't know any spells.

Dungeon Overview and Level Annotations

Branches:
Dungeon (4/15)
 Temple: D:4-7

Altars:
Cheibriados
Dithmenos
Ru
Trog
Yredelemnul


Innate Abilities, Weirdness & Mutations

Your plain brown scales are hard. (AC +6)
You cannot fit into any form of body armour.
You are cold-blooded and may be slowed by cold attacks.


Message History

The orc priest is heavily wounded.
You closely miss the orc. The orc barely misses you.
The orc priest hits you but does no damage.
You feel drained.
You hit the orc priest.
You tail-slap the orc priest, but do no damage.
The orc priest is heavily wounded.
You barely miss the orc.
The orc priest hits you but does no damage.
You feel drained. The orc hits you but does no damage.
You hit the orc priest.
The orc priest is severely wounded.
You hit the orc but do no damage.
You hear the slow hiss of a distant avalanche of sand.
You recover from your berserk rage.
The orc priest calls down the wrath of Beogh upon you.
Beogh smites you!
* * * LOW HITPOINT WARNING * * *
The orc hits you with a club.
You die...

.# .## # ...# #.
##...## #######
.##.$.....
#...ยงยงยง .........
...##### #oo......
#@# .######.##
.........#
#######..# .. #.>#
#####..##
######..####........
#.......##.....#..#
#.......##.#.#.#..#
#
........)).....(...#
#


You could see an orc priest and an orc.

Vanquished Creatures
  Sigmund (D:2)
  The ghost of Dominolapin the Chiller, an amateur BaIE (D:3)
  An orc priest (D:4)
  Jessica (D:3)
  2 adders (D:2)
  2 oozes
  3 worms (D:2)
  A dart slug (D:1)
  3 leopard geckos (D:2)
  7 orcs (D:4)
  8 bats
  3 giant cockroaches
  3 goblins
  3 hobgoblins (D:1)
  8 jackals
  A quokka (D:2)
  A ball python (D:2)
  2 frilled lizards
  A jackal skeleton (D:4)
  8 kobolds
  4 rats
64 creatures vanquished.

Notes
Turn   | Place    | Note
-------+----------+-------------------------------------------
     0 | D:1      | grindst0ne the Draconian Berserker began the quest for the Orb.
     0 | D:1      | Reached XP level 1. HP: 19/19 MP: 1/1
   396 | D:1      | Reached XP level 2. HP: 20/26 MP: 2/2
  1061 | D:2      | Reached XP level 3. HP: 30/33 MP: 3/3
  1569 | D:2      | Reached skill level 4 in Axes
  1750 | D:2      | Reached ** piety under Trog
  1799 | D:2      | Noticed Sigmund
  1823 | D:2      | Killed Sigmund
  1823 | D:2      | Reached skill level 5 in Axes
  1823 | D:2      | Reached skill level 1 in Stealth
  1823 | D:2      | Reached XP level 4. HP: 9/41 MP: 4/4
  1823 | D:2      | Reached XP level 5. HP: 11/47 MP: 5/5
  2100 | D:2      | Found a snail-covered altar of Cheibriados.
  2131 | D:2      | Found a basalt altar of Yredelemnul.
  2196 | D:2      | Found a sacrificial altar of Ru.
  2288 | D:2      | Found a shadowy altar of Dithmenos.
  2326 | D:3      | Noticed Jessica
  2353 | D:3      | Killed Jessica
  2438 | D:3      | Reached skill level 6 in Axes
  2438 | D:3      | Reached XP level 6. HP: 53/53 MP: 6/6
  2599 | D:3      | Found a bloodstained altar of Trog.
  2600 | D:3      | Noticed Dominolapin's ghost (amateur BaIE)
  2616 | D:3      | Killed Dominolapin's ghost
  2857 | D:4      | HP: 2/53 [orc priest/divine providence (14)]
  2857 | D:4      | Slain by an orc

Vault maps used:
D:1:      roderic_octagonal_star
D:2:      nicolae_ru_path_of_blood, overflow_temple_1_default,
          yredelemnul_altar_generic, cheibriados_altar_1, uniq_sigmund
D:3:      lemuel_crystal_altar, uniq_jessica
D:4:      nemelex_xobeh_ov_fountains_minmay, gammafunk_temple_overflow_claw,
          first_bread, gup_ossuary_entry_pyramid, uniq_blork_the_orc

Skill      XL: |  1  2  3  4  5 |
---------------+----------------+-----
Axes           | 5 6 |  6.7
Fighting       | 4 |  4.5
Stealth        | 1 |  1.6
Dodging        | |  2.6

Action                   |  1- 3 |  4- 6 || total
-------------------------+-------+-------++-------
Melee: Hand axe          |   108 |    99 ||   207
       Tailslap          |     9 |    18 ||    27
Invok: Berserk           |     1 |     2 ||     3
  Use: Scroll            |       |     5 ||     5
 Stab: Sleeping          |     1 |       ||     1
  Eat: Chunk             |     3 |     5 ||     8
Armor: Skin              |    27 |    37 ||    64
Dodge: Dodged            |    89 |    75 ||   164
